 Dungeon Crawl Stone Soup version 0.28-a0-706-gf6f64a616a (webtiles) character file.

Game seed: 1353880721457606975

539 frimble the Firebug (level 7, -1/46 HPs)
             Began as a Demonspawn Fire Elementalist on Oct 24, 2021.
             Slain by Pikel (2 damage)
             ... on level 6 of the Dungeon.
             The game lasted 00:07:41 (7050 turns).

frimble the Firebug (Demonspawn Fire Elementalist)  Turns: 7050, Time: 00:07:42

Health: -1/46      AC:  5    Str:  8    XL:     7   Next: 5%
Magic:  3/10       EV: 16    Int: 19    God:
Gold:   274        SH:  0    Dex: 13    Spells: 9/10 levels left

rFire   . . .      SeeInvis .   i - +0 dagger
rCold   . . .      Faith    .   (no shield)
rNeg    . . .      Spirit   .   a - +0 robe
rPois   .          Reflect  .   (no helmet)
rElec   .          Harm     .   (no cloak)
rCorr   .          Rampage  .   f - +0 pair of gloves
Will    .....                   (no boots)
Stlth   ++........              (no amulet)
HPRegen 0.15/turn               q - +4 ring of evasion
MPRegen 0.12/turn               (no ring)

@: flying, very slightly contaminated, invisible
A: slimy green scales 1, foul stench 1, condensation shield
a: no special abilities


You were on level 6 of the Dungeon.
You visited 1 branch of the dungeon, and saw 7 of its levels.

You collected 274 gold pieces.

Inventory:

Hand Weapons
 i - a +0 dagger (weapon)
Armour
 a - a +0 robe (worn)
 b - a +2 buckler of protection
 f - a +0 pair of gloves (worn)
Jewellery
 q - a +4 ring of evasion (left hand)
Scrolls
 e - a scroll of teleportation
 m - a scroll of amnesia
 o - 2 scrolls of vulnerability {unknown}
 p - a scroll of noise {unknown}
 r - a scroll of blinking {unknown}
 s - a scroll of torment {unknown}
Potions
 c - 6 potions of curing
 d - 2 potions of mutation
 g - 2 potions of berserk rage {unknown}
 j - 2 potions of cancellation
 k - a potion of flight
 l - a potion of might {unknown}
 n - 3 potions of haste {unknown}
 t - a potion of magic {unknown}


   Skills:
 - Level 1.7 Dodging
 - Level 1.7 Stealth
 + Level 3.9 Shields
 - Level 2.0 Spellcasting
 + Level 4.1 Conjurations
 + Level 4.7 Fire Magic


You had 9 spell levels left.
You knew the following spells:

 Your Spells              Type           Power      Damage    Failure   Level
a - Foxfire               Conj/Fire      72%        2x1d7     2%          1

Your spell library contained the following spells:

 Spells                   Type           Power      Damage    Failure   Level
 Scorch                   Fire           38%        2d7       3%          2
 Conjure Flame            Conj/Fire      18%        6-21      9%          3
 Pain                     Necr           4%         1d4       17%         1
 Sandblast                Erth           2%         2d4       17%         1
 Inner Flame              Hex/Fire       10%        N/A       19%         3
 Stone Arrow              Conj/Erth      18%        3d8       22%         3
 Passwall                 Tmut/Erth      0%         N/A       26%         2
 Flame Wave               Conj/Fire      18%        3d5       26%         4
 Agony                    Necr           1%         N/A       99%         5
 Excruciating Wounds      Necr           0%         N/A       99%         5


Dungeon Overview and Level Annotations

Branches:
Dungeon (7/15)
 Temple: D:4-7

Altars:

Shops:
D:7 (

Annotations:
D:5 Grinder
D:6 Pikel


Innate Abilities, Weirdness & Mutations

You are partially covered in slimy green scales. (AC +2)
You may rarely emit foul miasma when damaged in melee.
A meltable shield of frost defends you. (SH +0)


Message History

Pikel hits you with a +2 whip of flaming!
Pikel burns you.
Casting: Foxfire (safe; 2% risk of failure)
Confirm with . or Enter, or press ? or * to list all spells.
You conjure some foxfire!
The foxfire hits Pikel but does no damage.
Pikel is moderately wounded.
The foxfire hits Pikel.
Pikel is moderately wounded.
Pikel hits you with a +2 whip of flaming.
* * * LOW HITPOINT WARNING * * *
Pikel burns you.
* * * LOW HITPOINT WARNING * * *
Casting: Foxfire (safe; 2% risk of failure)
Confirm with . or Enter, or press ? or * to list all spells.
You conjure some foxfire!
The foxfire hits Pikel.
Pikel is heavily wounded.
The foxfire hits Pikel but does no damage.
Pikel is heavily wounded.
Pikel closely misses you.
You feel better.
The foxfire hits Pikel but does no damage.
Pikel is heavily wounded.
The foxfire hits Pikel.
Pikel is heavily wounded.
Pikel hits you with a +2 whip of flaming!
* * * LOW HITPOINT WARNING * * *
Pikel burns you.
* * * LOW HITPOINT WARNING * * *
You aren't carrying any items that you can evoke.
You fade into invisibility!
Pikel closely misses you.
You are very lightly contaminated with residual magic.
It was a potion of flight.
You feel very buoyant.
You fly up into the air.
Pikel hits you with a +2 whip of flaming!
* * * LOW HITPOINT WARNING * * *
Pikel burns you.
You die...

#.# #.# #.# ######### #.#
#.......# #.# #.#####.#
#.#### #.# #.#
#.##.########### # #.#####.#
##..............# #
#.(...#.# #.@##.######.####
#########.#.###.K##.######.#
'...............>.......##.#
#########...........###..#.#
# #######[.##.###..#.# #
#.#............# #
#....##.##.##### #####
#.##.##.##...# ....#
#.#..##.##.###


You could see Pikel.

Vanquished Creatures
  An ice beast (D:2)
  An ogre (D:6)
  A phantom (D:6)
  A water moccasin skeleton (D:4)
  A hound (D:6)
  Terence (D:3)
  2 hound skeletons (D:4)
  8 adders
  2 white imps (D:6)
  2 worms (D:3)
  A dart slug (D:3)
  2 orcs
  3 bats
  4 endoplasms
  6 giant cockroaches
  6 goblins
  4 hobgoblins
  3 quokkas
  6 ball pythons
  2 frilled lizards
  7 kobolds
  11 rats
75 creatures vanquished.

Vanquished Creatures (collateral kills)
  9 foxfires
9 creatures vanquished.

Vanquished Creatures (others)
  282 foxfires
  6 plants
288 creatures vanquished.

Grand Total: 372 creatures vanquished

Notes
Turn   | Place    | Note
-------+----------+-------------------------------------------
     0 | D:1      | frimble the Demonspawn Fire Elementalist began the quest
                  | for the Orb.
     0 | D:1      | Reached XP level 1. HP: 13/13 MP: 3/3
   762 | D:1      | Gained mutation: You may rarely emit foul miasma when
                  | damaged in melee. [demonic ancestry]
   762 | D:1      | Reached XP level 2. HP: 15/19 MP: 1/5
  1511 | D:2      | Identified a scroll of acquirement
  1511 | D:2      | Acquired a +2 buckler of protection
  1981 | D:2      | Reached skill level 1 in Shields
  1981 | D:2      | Reached XP level 3. HP: 24/24 MP: 2/6
  2200 | D:2      | Found a faded altar of an unknown god.
  3290 | D:3      | Noticed an ice beast
  3298 | D:3      | Gained mutation: You are partially covered in slimy green
                  | scales. (AC +2) [demonic ancestry]
  3298 | D:3      | Reached XP level 4. HP: 30/30 MP: 1/7
  3387 | D:2      | Killed an ice beast
  3388 | D:2      | Reached XP level 5. HP: 35/35 MP: 1/8
  3925 | D:3      | Noticed Terence
  3934 | D:3      | Killed Terence
  4661 | D:4      | Reached XP level 6. HP: 36/41 MP: 1/9
  5688 | D:4      | Acquired a +4 ring of evasion
  5709 | D:5      | Entered Level 5 of the Dungeon
  5709 | D:5      | Noticed Grinder
  6594 | D:6      | Gained mutation: A meltable shield of frost defends you.
                  | (SH +0) [demonic ancestry]
  6594 | D:6      | Reached XP level 7. HP: 46/46 MP: 2/10
  6930 | D:7      | Noticed Pikel
  6958 | D:7      | Found Arelloq's Weapon Shop.
  7050 | D:6      | HP: 1/46 [Pikel (7)]
  7050 | D:6      | Slain by Pikel

Illustrated notes

Levels and vault maps discovered:
D:1:      dpeg_arrival_three_smaller_balls, layout_loops_ring,
          minmay_misc_feat_tiny
D:2:      layout_rooms, serial_forest, infiniplex_forest_clump_large,
          infiniplex_forest_lined_room_, infiniplex_forest_lined_2,
          infiniplex_forest_zigzag_1, infiniplex_forest_straight_1,
          infiniplex_forest_clump_medium, infiniplex_forest_corner_2,
          infiniplex_forest_join, chequers_ecumenical_altar_grove
D:3:      layout_basic, serial_forest, infiniplex_forest_straight_4,
          infiniplex_forest_lined_corner, infiniplex_forest_clump_small,
          infiniplex_forest_clump_double, infiniplex_forest_end_1,
          infiniplex_forest_straight_4, grunt_decor_resistance,
          minmay_divided_ellipse, uniq_terence
D:4:      layout_layer_cave
D:5:      layout_basic, mainiacjoe_overflow_cross_hatched,
          minmay_temple_entry_fiery, eino_small_chamber_without_monster,
          uniq_grinder, uniq_crazy_yiuf_cottage
D:6:      layout_basic
D:7:      layout_basic, mainiacjoe_overflow_paths, serial_shops,
          nicolae_shop_temple_entry_statues_fountains, uniq_pikel

Skill      XL: |  1  2  3  4  5  6 |
---------------+-------------------+-----
Fire Magic     | 3 4 |  4.7
Conjurations   | 2 3 4 |  4.1
Shields        | 1 2 3 |  3.9
Dodging        | |  1.7
Stealth        | |  1.7
Spellcasting   | |  2.0

Action                   |  1- 3 |  4- 6 |  7- 9 || total
-------------------------+-------+-------+-------++-------
Melee: Unarmed           |    25 |       |       ||    25
       Dagger            |    57 |    64 |     1 ||   122
 Cast: Foxfire           |    84 |    77 |    11 ||   172
  Use: Scroll            |     2 |     6 |       ||     8
       Potion            |       |       |     3 ||     3
 Stab: Sleeping          |     6 |     4 |       ||    10
Armor: Robe              |    18 |    23 |     1 ||    42
Dodge: Dodged            |    73 |    40 |    10 ||   123
Block: Other             |       |       |     1 ||     1

Table legend: (Time is in decaauts)
 A = Elapsed time spent in this place.
 B = Non-inter-level travel time spent in this place.
 C = Inter-level travel time spent in this place.
 D = Time resting spent in this place.
 E = Time spent auto-exploring this place.
 F = Levels seen in this place.
 G = Mean time per level.
                   A        B        C        D        E       F      G
               +--------+--------+--------+--------+--------+-----+--------+
         Total |   7052 |   6888 |    164 |     56 |   5973 |   7 | 1007.4 |
       Dungeon |   7052 |   6888 |    164 |     56 |   5973 |   7 | 1007.4 |
               +--------+--------+--------+--------+--------+-----+--------+

Top non-repeatable levels by time:
     D:3: 2178 daAuts
     D:2: 1292 daAuts
     D:6: 1175 daAuts
     D:4: 1135 daAuts
     D:1: 1117 daAuts
     D:7: 110 daAuts
     D:5: 42 daAuts
